 Dungeon Crawl Stone Soup version 0.26.0-16-gc1dbca0489 (webtiles) character file.

Game seed: 14798074990790316558

42 thiole the Sneak (level 3, 0/21 HPs)
             Began as an Octopode Hedge Wizard on Jan 22, 2021.
             Was an Initiate of Elyvilon.
             Slain by Natasha (8 damage)
             ... on level 3 of the Dungeon.
             The game lasted 00:02:33 (2239 turns).

thiole the Sneak (Octopode Hedge Wizard)            Turns: 2239, Time: 00:02:34

Health: 0/21       AC:  1    Str:  9    XL:     3   Next: 56%
Magic:  2/7        EV: 13    Int: 17    God:    Elyvilon [......]
Gold:   59         SH:  0    Dex: 11    Spells: 0/8 levels left

rFire    . . .     SeeInvis .   a - +0 dagger
rCold    . . .     Faith    .   (no shield)
rNeg     . . .     Spirit   .   b - +0 hat
rPois    .         Reflect  .   (no amulet)
rElec    .         Harm     .   i - ring of resist corrosion
rCorr    +         Rampage  .   (no ring)
Will     .....                  (no ring)
Stlth    +++.......             (no ring)
HPRegen  0.07/turn              (no ring)
MPRegen  0.10/turn              (no ring)
                                (no ring)
                                (no ring)

@: no status effects
A: almost no armour, stealthy swim, amphibious, 8 rings, constrict 8, camouflage
1, gelatinous body 1
a: Renounce Religion


You were on level 3 of the Dungeon.
You worshipped Elyvilon.
Elyvilon was noncommittal.
You visited 1 branch of the dungeon, and saw 3 of its levels.

You collected 59 gold pieces.

Inventory:

Hand Weapons
 a - a +0 dagger (weapon)
Armour
 b - a +0 hat (worn)
Jewellery
 i - a ring of resist corrosion (left tentacle)
Scrolls
 c - 3 scrolls of fog
 d - a scroll of teleportation {unknown}
 e - a scroll of identify
 h - a scroll of remove curse {unknown}
 k - 2 scrolls of enchant armour {unknown}
Potions
 f - a potion of attraction {unknown}
 g - 2 potions of lignification {unknown}
 j - a potion of berserk rage {unknown}
 l - a potion of flight {unknown}


   Skills:
 - Level 2.0 Dodging
 + Level 3.3 Stealth
 + Level 3.2 Spellcasting
 - Level 2.0 Conjurations
 - Level 2.0 Summonings
 - Level 1.0 Translocations
 + Level 0.2 Air Magic


You couldn't memorise any spells.
You knew the following spells:

 Your Spells              Type           Power        Failure   Level
a - Magic Dart            Conj           36%          8%          1
b - Call Imp              Summ           9%           12%         2
c - Slow                  Hex            2%           26%         2
d - Mephitic Cloud        Conj/Pois/Air  5%           36%         3

Your spell library contained the following spells:

 Spells                   Type           Power        Failure   Level
 Blink                    Tloc           N/A          17%         2
 Conjure Flame            Conj/Fire      6%           34%         3


Dungeon Overview and Level Annotations

Branches:
Dungeon (3/15)

Altars:
Elyvilon

Annotations:
D:3 Natasha


Innate Abilities, Weirdness & Mutations

You cannot wear most types of armour.
You are very stealthy in the water. (Stealth+)
You are amphibious.
You can wear up to eight rings at the same time.
You can use your tentacles to constrict eight enemies at once.
Your skin changes colour to match your surroundings (Stealth+).
Your rubbery body absorbs attacks. (AC +1, EV +1)


Message History

You constrict Natasha. You hit Natasha.
Natasha is heavily wounded.
You constrict Natasha, but do no damage.
Your magical contamination has completely faded away.
You hit Natasha.
Natasha is heavily wounded.
You constrict Natasha. Natasha misses you.
You hit Natasha but do no damage.
Natasha is severely wounded.
You constrict Natasha, but do no damage.
The leopard gecko misses you. Natasha claws you!
You hit Natasha but do no damage.
Natasha is severely wounded.
You constrict Natasha. The leopard gecko closely misses you.
Natasha closely misses you.
You barely miss Natasha. Your squeeze misses Natasha.
Natasha is severely wounded.
You constrict Natasha. The leopard gecko closely misses you. Natasha claws you!
You die...

.# ... .< .. .. .#
... ..#.##.##
....g... #. ...l..
#...######..#
#...rh@lg...#
#.########.##
...#######§####
#...§§§§§§.§.....
...#######§§......
§§#####$


You could see Natasha (confused), a leopard gecko, a quokka and a hobgoblin.

Vanquished Creatures
  An adder (D:2)
  2 ball pythons
  6 bats
  A giant cockroach (D:2)
  2 goblins
  6 hobgoblins
  4 quokkas (D:2)
  A frilled lizard (D:1)
  5 kobolds
  3 rats (D:1)
31 creatures vanquished.

Vanquished Creatures (others)
  4 toadstools (D:1)
4 creatures vanquished.

Grand Total: 35 creatures vanquished

Notes
Turn   | Place    | Note
-------+----------+-------------------------------------------
     0 | D:1      | thiole the Octopode Hedge Wizard began the quest for the
                  | Orb.
     0 | D:1      | Reached XP level 1. HP: 11/11 MP: 4/4
   339 | D:1      | Reached XP level 2. HP: 15/17 MP: 3/6
   342 | D:1      | Learned a level 2 spell: Call Imp
   345 | D:1      | Learned a level 2 spell: Slow
  1263 | D:2      | Reached XP level 3. HP: 21/21 MP: 2/7
  1267 | D:2      | Learned a level 3 spell: Mephitic Cloud
  1885 | D:2      | Found a white marble altar of Elyvilon.
  1900 | D:2      | Became a worshipper of Elyvilon the Healer
  2226 | D:3      | Noticed Natasha
  2239 | D:3      | Slain by Natasha

Illustrated notes

Levels and vault maps discovered:
D:1:      ldierk_water_garden, layout_loops_corners
D:2:      layout_basic, elyvilon_altar_3
D:3:      layout_loops_ring, grunt_ministairs_5, kennysheep_cross_room,
          uniq_natasha, uniq_terence

Skill      XL: |  1  2  3 |
---------------+----------+-----
Stealth        | 3 |  3.3
Summonings     | 2 |  2.0
Conjurations   | 2 |  2.0
Dodging        | |  2.0
Spellcasting   | |  3.2
Translocations | |  1.0
Air Magic      | |  0.2

Action                   || total
-------------------------++-------
Melee: Dagger            ||    41
       Constrict         ||    11
       Tentacles         ||     6
 Cast: Magic Dart        ||    66
       Mephitic Cloud    ||     1
  Use: Scroll            ||     2
 Stab: Sleeping          ||     1
Armor: Skin              ||     3
Dodge: Dodged            ||    26
